Map: Dusk Towers

Players

llllllllllll

  • Race: Terran Terran
  • League: Master

Miszu - Winner!

  • Race: Terran Terran
  • League: Grandmaster

VOD

Have the link to the VOD?

Description

Time

  • Played on: Feb. 23, 2016, 2:11 p.m.
  • Length: 10:41
Show
View Real Time Build Order
Export as new Build Order

llllllllllll Terran 

Build Orders:  

Get SALT Encoding   

  12  0:01  SCV  
  13  0:13  SCV  
  14  0:17  Supply Depot  
  14  0:25  SCV  
  15  0:39  SCV  
  15  0:41  Barracks  
  16  0:44  Refinery  
  16  0:51  SCV  
  17  1:03  SCV  
  18  1:15  SCV  
  19  1:29  Barracks Reactor, Orbital Command  
  19  1:43  Command Center  
  19  1:54  Supply Depot  
  19  1:57  SCV  
  20  2:05  Marine  
  20  2:06  Marine  
  22  2:09  SCV  
  23  2:17  Factory  
  23  2:22  SCV  
  24  2:23  Marine x2  
  26  2:34  SCV  
  27  2:41  Marine x2  
  29  2:46  SCV  
  30  2:57  Orbital Command  
  30  2:59  Marine  
  30  3:00  Marine  
  30  3:02  Hellion  
  30  3:03  Starport  
  34  3:06  SCV  
  35  3:17  Marine  
  35  3:18  Marine, SCV  
  38  3:22  Engineering Bay  
  38  3:24  Refinery  
  36  3:34  Marine, Factory Tech Lab, SCV  
  36  3:39  SCV  
  37  3:43  Marine, Medivac  
  37  3:46  SCV  
  41  3:52  Marine  
  41  3:54  SCV  
  43  3:58  Supply Depot  
  43  4:01  Marine, Missile Turret  
  43  4:02  SCV  
  45  4:07  Missile Turret  
  43  4:19  Marine x2  
  43  4:20  Viking  
  43  4:21  SCV  
  48  4:24  SCV  
  48  4:29  Siege Tank  
  52  4:34  Supply Depot  
  52  4:37  Marine  
  52  4:38  Marine  
  54  4:47  Supply Depot  
  54  4:54  Supply Depot  
  54  4:55  SCV x2  
  54  4:56  Viking  
  58  5:02  Marine x2  
  60  5:11  Siege Tank, Liberator, SCV  
  60  5:12  SCV  
  65  5:18  Supply Depot  
  65  5:20  Marine  
  66  5:24  Marine, SCV  
  66  5:25  Supply Depot  
  68  5:31  SCV  
  71  5:36  SCV  
  71  5:39  Supply Depot, Marine  
  71  5:42  Marine  
  74  5:43  SCV  
  74  5:47  Siege Tank  
  77  5:57  Marine  
  77  6:00  SCV  
  77  6:04  Barracks  
  79  6:05  Barracks  
  79  6:08  SCV  
  79  6:10  Refinery  
  77  6:15  SCV  
  67  6:28  Starport Reactor, Marine x2, Siege Tank  
  67  6:29  SCV  
  67  6:32  SCV  
  69  6:41  SCV  
  69  6:44  SCV  
  69  6:45  Marine  
  71  6:53  SCV  
  66  7:04  Marine  
  66  7:05  Marine  
  66  7:06  Barracks Reactor, Barracks Tech Lab  
  60  7:12  SCV  
  56  7:20  SCV  
  56  7:22  Marine  
  55  7:24  SCV  
  55  7:25  Terran Infantry Weapons Level 1  
  55  7:26  Command Center, Stimpack  
  57  7:32  SCV  
  57  7:36  SCV  
  56  7:40  Marine x2  
  56  7:43  Marine x2, Refinery  
  57  7:44  SCV  
  57  7:48  SCV  
  57  7:49  Medivac x2  
  62  7:56  SCV  
  63  7:59  Supply Depot, Marine x3, Missile Turret  
  63  8:00  SCV  
  63  8:04  Siege Tank  
  70  8:08  SCV  
  70  8:12  SCV  
  72  8:14  Marine x2  
  72  8:16  Marine  
  72  8:19  Marine x2  
  77  8:20  SCV  
  77  8:21  Supply Depot  
  77  8:24  SCV  
  79  8:31  Medivac  
  79  8:32  Marine x2, Medivac  
  85  8:34  Marine, SCV  
  87  8:41  Barracks  
  87  8:42  Marine  
  87  8:43  Marine, Barracks  
  87  8:47  SCV  
  90  8:49  Missile Turret  
  90  8:50  Marine x2  
  92  8:56  Marine, SCV  
  92  9:00  Marine  
  96  9:05  SCV  
  96  9:08  SCV  
  95  9:16  Marine x2  
  95  9:18  Marine  
  94  9:27  Marine x2, Siege Tank  
  94  9:28  SCV  
  94  9:29  SCV  
  100  9:38  Marine x3  
  96  9:39  Medivac x2  
  96  9:44  Marine  
  103  9:46  Marine  
  103  9:47  SCV  
  94  9:56  Marine x2  
  94  9:59  SCV  
  62  10:01  Marine  
  62  10:02  Marine  
  58  10:17  Marine  
  58  10:18  Marine x2  
  58  10:19  Marine  
  56  10:23  Marine  
Show
View Real Time Build Order
Export as new Build Order

Miszu Terran - Winner!

Build Orders: Bio Tank, Banshee Rush 

Get SALT Encoding   

  12  0:00  SCV  
  13  0:12  SCV  
  14  0:17  Supply Depot  
  14  0:25  SCV  
  14  0:27  Refinery  
  15  0:39  SCV  
  16  0:46  Barracks  
  16  0:51  SCV  
  17  1:03  SCV  
  18  1:15  SCV  
  19  1:32  Orbital Command  
  19  1:33  Factory  
  19  1:36  Supply Depot  
  19  1:47  Reaper  
  20  1:58  SCV  
  21  2:05  Command Center  
  21  2:10  SCV  
  22  2:17  Hellion  
  22  2:19  Reaper  
  25  2:23  Refinery, SCV  
  26  2:34  Supply Depot  
  26  2:39  Hellion  
  26  2:43  Starport  
  28  2:47  SCV  
  29  2:56  Barracks Tech Lab  
  29  2:59  SCV  
  29  3:00  Hellion  
  32  3:11  SCV  
  33  3:17  Orbital Command  
  33  3:23  SCV  
  34  3:35  SCV  
  34  3:45  Barracks Reactor, Factory Tech Lab, SCV  
  34  3:48  SCV  
  36  3:52  Cloaking Field  
  36  3:53  Banshee  
  39  3:57  SCV  
  39  4:00  SCV  
  41  4:03  Barracks  
  41  4:04  Barracks  
  41  4:09  SCV  
  40  4:19  Siege Tank  
  40  4:21  SCV  
  40  4:22  Marine x2, SCV  
  47  4:31  Supply Depot  
  47  4:34  SCV x2  
  47  4:35  Banshee  
  52  4:42  Refinery  
  52  4:46  SCV x2  
  52  4:48  Engineering Bay  
  52  4:52  Barracks Tech Lab  
  54  4:53  Barracks Tech Lab  
  54  4:58  SCV  
  54  4:59  SCV  
  56  5:04  Supply Depot  
  56  5:09  Siege Tank  
  56  5:10  SCV  
  56  5:11  SCV  
  61  5:22  SCV  
  61  5:24  Refinery  
  61  5:25  SCV  
  61  5:26  Supply Depot, Combat Shields  
  61  5:27  Stimpack  
  63  5:34  SCV  
  64  5:37  Marine x2, SCV  
  64  5:38  Marine x2  
  66  5:46  SCV  
  66  5:47  Starport Reactor  
  66  5:49  Supply Depot  
  67  5:55  Marine x3  
  70  6:02  Command Center  
  70  6:03  Marine  
  71  6:05  SCV  
  71  6:06  SCV  
  73  6:13  Marine  
  73  6:14  Marine x2  
  73  6:17  SCV  
  73  6:18  SCV  
  77  6:20  Marine  
  77  6:23  Siege Tank  
  77  6:24  Medivac  
  82  6:25  Medivac  
  82  6:30  SCV  
  82  6:31  Marine  
  83  6:33  SCV  
  83  6:35  Marine  
  83  6:36  Marine  
  83  6:40  Marine  
  84  6:48  Marine  
  79  7:06  Marine x4  
  78  7:08  Siege Tank  
  66  7:23  Marine x2  
  66  7:24  Marine x2, Medivac x2  
  66  7:25  SCV  
  66  7:26  SCV  
  75  7:40  Siege Tank  
  78  7:46  Barracks  
  78  7:48  Barracks  
  78  7:49  Supply Depot  
  78  7:52  Supply Depot x2  
  78  7:53  Supply Depot  
  78  7:55  Command Center  
  78  7:59  Supply Depot  
  78  8:01  Marine x4  
  78  8:03  Medivac x2  
  86  8:11  Terran Infantry Weapons Level 1, SCV x2  
  91  8:12  Siege Tank  
  91  8:19  Marine x4  
  95  8:23  SCV x2  
  95  8:35  SCV x2  
  95  8:37  Marine x4  
  95  8:39  Barracks Reactor x2  
  95  8:40  Sensor Tower  
  101  8:44  Siege Tank  
  104  8:53  Refinery  
  104  8:54  Marine x2  
  104  8:55  Marine x2, Sensor Tower  
  108  8:57  Refinery  
  108  9:01  Engineering Bay  
  105  9:12  Marine x3  
  105  9:16  Marine  
  105  9:17  Siege Tank  
  112  9:18  Marine x4  
  114  9:30  Marine x3  
  106  9:33  Marine  
  106  9:36  Marine x4  
  105  9:48  Marine x3  
  105  9:51  Marine  
  109  9:53  Marine, Orbital Command  
  109  9:54  Marine x3  
  101  10:04  Medivac, Siege Tank  
  101  10:06  Marine x3  
  104  10:09  Marine  
  104  10:11  Marine  
  104  10:12  Marine x3  
  104  10:13  Orbital Command  
Tags
 
Composition
Bio Tank
Matchup
TvT
Race
Terran
Strategy
Banshee Rush
Add a new tag
Caveats
  • Supply blocks, unpowered buildings, or Contaminate may cause inaccurate times.
  • Supply counts are checked every 10 seconds.